 Dungeon Crawl Stone Soup version 0.27-a0-899-ge2d0b17c59 (webtiles) character file.

Game seed: 15855551568647242533

26 DonatoSpire the Ruffian (level 2, -13/43 HPs)
             Began as a Troll Berserker on Apr 6, 2021.
             Was a Follower of Trog.
             Mangled by an ogre
             ... wielding a +0 giant club
              (20 damage)
             ... on level 3 of the Dungeon.
             The game lasted 00:05:58 (667 turns).

DonatoSpire the Ruffian (Troll Berserker)            Turns: 667, Time: 00:05:58

Health: -13/43     AC:  5    Str: 24    XL:     2   Next: 89%
Magic:  1/1        EV: 10    Int:  3    God:    Trog [*.....]
Gold:   39         SH:  0    Dex:  9    Spells: 1/1 levels left

rFire    . . .     SeeInvis .     - Unarmed
rCold    . . .     Faith    .   (no shield)
rNeg     . . .     Spirit   .   a - +0 animal skin
rPois    .         Reflect  .   c - +1 hat
rElec    .         Harm     .   (no cloak)
rCorr    .         Rampage  .   (gloves unavailable)
Will     .....                  (boots unavailable)
Stlth    ..........             (no amulet)
HPRegen  1.14/turn              (no ring)
MPRegen  0.07/turn              (no ring)

@: berserking, very quick
A: large, unfitting armour, claws 3, regeneration 1, shaggy fur 1, tough skin 1
a: Renounce Religion, Berserk


You were on level 3 of the Dungeon.
You worshipped Trog.
Trog was aware of your devotion.
You visited 1 branch of the dungeon, and saw 3 of its levels.

You collected 39 gold pieces.

Inventory:

Missiles
 d - 4 boomerangs
 e - 42 arrows
Armour
 a - a +0 animal skin (worn)
 c - a +1 hat (worn)
Scrolls
 b - a scroll of identify {unknown}
 g - a scroll of holy word {unknown}
 j - a scroll of immolation {unknown}
Potions
 f - a potion of haste {unknown}
 h - a potion of brilliance {unknown}
 i - a potion of berserk rage {unknown}


   Skills:
 + Level 2.8 Fighting
 + Level 2.8 Dodging
 + Level 3.4 Unarmed Combat


You had one spell level left.
You didn't know any spells.
Your spell library was empty.

Dungeon Overview and Level Annotations

Branches:
Dungeon (3/15)

Altars:


Innate Abilities, Weirdness & Mutations

You are too large for most types of armour.
You have claws for hands.
Your natural rate of healing is unusually fast.
You are covered in fur. (AC +1)
You have tough skin. (AC +1)


Message History

Things that are here:
a +0 club; 6 poisoned darts; a kobold corpse
Found a hunting sling.
You see here a +0 hunting sling.
Found 26 arrows.
Found a stone staircase leading up.
e - 42 arrows (gained 26)
Found 19 stones.
Found a ring mail.
You see here a +0 ring mail.
You see here a +0 ring mail.
l - a +0 ring mail This armour is too small for you!
This armour is too small for you!
Drop what? 12/52 slots (_ for help) (? for menu, Esc to quit)
You drop a +0 leather armour.
You drop a +0 ring mail.
Found a scroll labelled HODAECA MIKH.
An ogre comes into view. It is wielding a +0 giant club.
You see here a scroll labelled HODAECA MIKH.
Throw: 4 boomerangs
Press: ? - help, Shift-Dir - straight line, f - ogre
Aim: an ogre, wielding a +0 giant club (71% to hit)
You throw a boomerang. The boomerang barely misses the ogre.
Throw: 4 boomerangs
Press: ? - help, Shift-Dir - straight line, f/p - ogre
Aim: an ogre, wielding a +0 giant club (71% to hit)
You throw a boomerang. The boomerang barely misses the ogre.
The ogre hits you with a +0 giant club!!
Ouch! That really hurt!
Found a stone staircase leading down.
You barely miss the ogre. The ogre hits you with a +0 giant club!
* * * LOW HITPOINT WARNING * * *
You scratch the ogre.
The ogre is lightly wounded.
The ogre closely misses you.
A red film seems to cover your vision as you go berserk!
You feel yourself moving faster!
You feel mighty!
The ogre hits you with a +0 giant club!!
You die...

# #.#
#...............
#.##.##
#...............
#.....#
#.......###.###.
####..# #... ..
#. #. #..# > ..
.. #..####.# ##.
#. #..##.#.#.#
#. #.
#...?.....# #.
## #####@#.###
#O# # #.. #.#.
#.#.. #.# .. #..
..# #.# .#


You could see an ogre.

Vanquished Creatures
  3 bats (D:1)
  An endoplasm (D:1)
  2 goblins (D:1)
  3 hobgoblins (D:1)
  6 jackals (D:1)
  3 kobolds
  A ball python (D:1)
  A frilled lizard (D:1)
  4 rats (D:1)
24 creatures vanquished.

Vanquished Creatures (others)
  A gnoll (D:1)
1 creature vanquished.

Grand Total: 25 creatures vanquished

Notes
Turn   | Place    | Note
-------+----------+-------------------------------------------
     0 | D:1      | DonatoSpire the Troll Berserker began the quest for the
                  | Orb.
     0 | D:1      | Reached XP level 1. HP: 22/22 MP: 0/0
    34 | D:1      | Reached XP level 2. HP: 29/29 MP: 1/1
   660 | D:3      | Noticed an ogre
   667 | D:3      | Mangled by an ogre

Illustrated notes

Levels and vault maps discovered:
D:1:      minmay_arrival_plants_in_alcoves, layout_rooms, lemuel_flame_loot_1
D:2:      layout_loops_ring, minmay_goblin_kobold_house
D:3:      layout_basic, vehumet_altar_wand_db, basic_ecumenical_altar,
          uniq_ijyb, uniq_sigmund

Action                   || total
-------------------------++-------
Melee: Unarmed           ||    60
       Punch             ||     2
Throw: Boomerang         ||     2
Invok: Berserk           ||     1
Armor: Animal skin       ||    71
Dodge: Dodged            ||    98

Table legend: (Time is in decaauts)
 A = Elapsed time spent in this place.
 B = Non-inter-level travel time spent in this place.
 C = Inter-level travel time spent in this place.
 D = Time resting spent in this place.
 E = Time spent auto-exploring this place.
 F = Levels seen in this place.
 G = Mean time per level.
                   A        B        C        D        E       F      G
               +--------+--------+--------+--------+--------+-----+--------+
         Total |    664 |    664 |      0 |      0 |      0 |   3 |  221.3 |
       Dungeon |    664 |    664 |      0 |      0 |      0 |   3 |  221.3 |
               +--------+--------+--------+--------+--------+-----+--------+

Top non-repeatable levels by time:
     D:1: 477 daAuts
     D:3: 125 daAuts
     D:2: 60 daAuts
